 Dungeon Crawl Stone Soup version 0.29-a0-973-gac7da5f7f0 (webtiles) character file.

Game seed: 3136356533451919530

147 purpskrrrp the Sneak (level 5, 0/49 HPs)
             Began as a Naga Monk on Aug 1, 2022.
             Was a Follower of Ru.
             Slain by Grinder (1 damage)
             ... on level 3 of the Dungeon.
             The game lasted 00:07:59 (3693 turns).

purpskrrrp the Sneak (Naga Monk)                    Turns: 3693, Time: 00:07:59

Health: 0/49       AC:  5    Str: 16    XL:     5   Next: 29%
Magic:  5/5        EV:  8    Int: 10    God:    Ru [*.....]
Gold:   152        SH:  0    Dex: 13    Spells: 4/4 levels left

rFire   . . .      SeeInvis +   h - +2 hand axe (vamp)
rCold   . . .      Faith    .   (no shield)
rNeg    . . .      Spirit   .   g - +0 scale mail {rPois}
rPois   +          Reflect  .   (no helmet)
rElec   .          Harm     .   l - +0 cloak
rCorr   .          Rampage  .   (no gloves)
Will    .....                   (no barding)
Stlth   ++........              (no amulet)
HPRegen 0.16/turn               (no ring)
MPRegen 0.09/turn               (no ring)

@: about to teleport, short of breath, unable to drink, very slow
A: AC +1, large, see invisible, deformed body, poison resistance, slowness 2,
spit poison 1, inability to drink while threatened 2, naga tail 1
a: Spit Poison, Renounce Religion


You were on level 3 of the Dungeon.
You worshipped Ru.
Ru was aware of your devotion.
You visited 1 branch of the dungeon, and saw 3 of its levels.

You collected 152 gold pieces.

Inventory:

Hand Weapons
 a - a +0 falchion
 h - a +2 vampiric hand axe (weapon)
Armour
 b - a +0 robe
 g - a +0 scale mail of poison resistance (worn)
 l - a +0 cloak (worn)
Potions
 c - 2 potions of ambrosia
 e - a potion of degeneration {unknown}
 f - 2 potions of brilliance
 i - a potion of lignification {unknown}
 j - 3 potions of curing
 k - 3 potions of haste
 m - a potion of might {unknown}
 n - a potion of mutation {unknown}


   Skills:
 - Level 3.0 Fighting
 - Level 3.1 Long Blades
 + Level 3.6 Axes
 - Level 2.4 Dodging
 + Level 5.2 Stealth


You had 4 spell levels left.
You didn't know any spells.
Your spell library contained the following spells:

 Spells                   Type           Power      Damage    Failure   Level
 Apportation              Tloc           0%         N/A       82%         1
 Necrotise                Necr           0%         1d4       82%         1
 Summon Small Mammal      Summ           0%         N/A       82%         1
 Portal Projectile        Hex/Tloc       0%         N/A       99%         3
 Tukima's Dance           Hex            0%         N/A       99%         3
 Blade Hands              Tmut           0%         N/A       100%        5


Dungeon Overview and Level Annotations

Branches:
Dungeon (3/15)

Altars:
Nemelex Xobeh
Ru

Shops:
D:2 :   D:3 (

Annotations:
D:3 Grinder


Innate Abilities, Weirdness & Mutations

Your serpentine skin is tough. (AC +1)
You have supernaturally acute eyesight. (SInv)
Armour fits poorly on your strangely shaped body.
Your system is resistant to poisons. (rPois)
You cover ground very slowly.
You can spit poison.
You sometimes lose the ability to drink potions when taking damage.
You have a snake-like lower body.


Message History

Grinder barely misses you.
You hit Grinder.
Grinder is lightly wounded.
Grinder hits you.
You writhe in agony.
* * * LOW HITPOINT WARNING * * *
You hit Grinder.
Grinder is lightly wounded.
Grinder completely misses you.
You hit Grinder.
Grinder is moderately wounded.
Grinder hits you.
* * * LOW HITPOINT WARNING * * *
You writhe in agony.
* * * LOW HITPOINT WARNING * * *
You closely miss Grinder.
Grinder is moderately wounded.
Grinder hits you but does no damage. x2
You slash Grinder!
Grinder is heavily wounded.
Grinder begins to attack, but is stunned by your conviction!
You hit Grinder.
Grinder is heavily wounded.
Grinder hits you!
* * * LOW HITPOINT WARNING * * *
Aiming: Spit Poison (1% risk of failure)
Press: ? - help, Q - select action Shift-Dir - straight line, f/p - Grinder
Aim: Grinder (heavily wounded, 54% to hit)
The splash of poison misses Grinder.
Grinder gestures at you.
You suddenly lose the ability to move!
Grinder says, "Don't move a muscle."
Grinder gestures at you. Pain shoots through your body!
* * * LOW HITPOINT WARNING * * *
Grinder begins to attack, but is stunned by your conviction!
You can move again.
As you read the scroll labelled BEIFUUQENOL, it crumbles to dust.
You feel strangely unstable.
It was a scroll of teleportation.
Grinder hits you.
You die...

..#
................##......
..#
................########
..#
................########
.......................
.......................
#...................
#....##############.
#....# #. #..@.# #.
#..5)# #. #....# #.
#....# #. #....# #.
#....# #. #..?.# #.
#....# #. #.


You could see Grinder.

Vanquished Creatures
  4 adders (D:3)
  3 gnolls (D:3)
  3 worms (D:2)
  2 dart slugs
  6 orcs (D:3)
  9 bats
  5 endoplasms
  A giant cockroach (D:2)
  4 hobgoblins
  3 quokkas
  5 ball pythons
  2 frilled lizards
  5 goblins
  7 kobolds
  4 rats
  A bush (D:1)
64 creatures vanquished.

Vanquished Creatures (others)
  A bush (D:1)
  3 plants
4 creatures vanquished.

Grand Total: 68 creatures vanquished

Notes
Turn   | Place    | Note
-------+----------+-------------------------------------------
     0 | D:1      | purpskrrrp the Naga Monk began the quest for the Orb.
     0 | D:1      | Reached XP level 1. HP: 21/21 MP: 1/1
   447 | D:1      | Reached XP level 2. HP: 28/28 MP: 2/2
   699 | D:1      | Found a faded altar of an unknown god.
   706 | D:1      | Reached skill level 4 in Stealth
   753 | D:1      | Prayed at the altar of an unknown god.
   753 | D:1      | Became a worshipper of Ru the Awakened
   762 | D:1      | Gained mutation: You occasionally lose the ability to drink
                  | potions when taking damage. [Ru sacrifice]
   762 | D:1      | Gained mutation: You sometimes lose the ability to drink
                  | potions when taking damage. [Ru sacrifice]
   762 | D:1      | Reached * piety under Ru
  1969 | D:2      | Reached XP level 3. HP: 34/34 MP: 3/3
  1986 | D:2      | Reached skill level 1 in Axes
  2810 | D:2      | Found Vukeal's Book Emporium.
  2858 | D:2      | Found a sparkling altar of Nemelex Xobeh.
  3122 | D:3      | Reached XP level 4. HP: 36/42 MP: 4/4
  3178 | D:3      | Reached skill level 5 in Stealth
  3230 | D:3      | Reached XP level 5. HP: 39/49 MP: 5/5
  3440 | D:3      | Found Tantisie's Antique Weapon Shoppe.
  3673 | D:3      | Noticed Grinder
  3690 | D:3      | Paralysed by Grinder for 3 turns
  3691 | D:3      | HP: 1/49 [Grinder/nerve-wracking pain (3)]
  3693 | D:3      | Slain by Grinder

Illustrated notes

Levels and vault maps discovered:
D:1:      lightli_arrival_farm, layout_basic,
          shapermc_ecumenical_altar_starsandcircs, serial_forest,
          infiniplex_forest_pool, infiniplex_forest_clump_C,
          infiniplex_forest_lined_2, infiniplex_forest_diagonal,
          infiniplex_forest_zigzag_2, infiniplex_forest_clump_tiny
D:2:      layout_basic, serial_shops, shop, basic_altar
D:3:      layout_basic, serial_shops, nicolae_shop_overgrown_old_shop,
          uniq_grinder

Skill      XL: |  1  2  3  4 |
---------------+-------------+-----
Stealth        | 4 5 |  5.2
Axes           | 2 3 |  3.6
Fighting       | |  3.0
Long Blades    | |  3.1
Dodging        | |  2.4

Action                   |  1- 3 |  4- 6 || total
-------------------------+-------+-------++-------
Melee: Falchion          |    10 |       ||    10
       Hand axe          |   303 |    67 ||   370
       Punch             |     5 |       ||     5
Invok: Sacrifice Drink   |     1 |       ||     1
 Abil: Spit Poison       |       |     4 ||     4
  Use: Scroll            |     6 |     1 ||     7
 Stab: Sleeping          |     5 |     1 ||     6
Armor: Robe              |    12 |       ||    12
       Scale mail        |    20 |    37 ||    57
Dodge: Dodged            |    53 |    21 ||    74

Table legend: (Time is in decaauts)
 A = Elapsed time spent in this place.
 B = Non-inter-level travel time spent in this place.
 C = Inter-level travel time spent in this place.
 D = Time resting spent in this place.
 E = Time spent auto-exploring this place.
 F = Levels seen in this place.
 G = Mean time per level.
                   A        B        C        D        E       F      G
               +--------+--------+--------+--------+--------+-----+--------+
         Total |   4699 |   4465 |    234 |    376 |   3169 |   3 | 1566.3 |
       Dungeon |   4699 |   4465 |    234 |    376 |   3169 |   3 | 1566.3 |
               +--------+--------+--------+--------+--------+-----+--------+

Top non-repeatable levels by time:
     D:1: 2630 daAuts
     D:2: 1275 daAuts
     D:3: 793 daAuts
